 Dungeon Crawl Stone Soup version 0.30-a0-218-gedb9141078 (webtiles) character file.

Game seed: 3296094558529503864

67 lunkers the Chopper (level 4, -3/38 HPs)
             Began as a Meteoran Fighter on Oct 6, 2022.
             Killed by divine providence
             ... invoked by an orc priest
              (16 damage)
             ... on level 4 of the Dungeon.
             The game lasted 00:02:34 (681 turns).

lunkers the Chopper (Meteoran Fighter)               Turns: 681, Time: 00:02:35

Health: -3/38      AC:  9    Str: 19    XL:     4   Next: 67%
Magic:  5/5        EV:  9    Int:  9    God:
Gold:   70         SH:  5    Dex: 14    Spells: 3/3 levels left

rFire   . . .      SeeInvis .    o - +2 flail (vorpal)
rCold   . . .      Faith    .    c - +0 buckler
rNeg    . . .      Spirit   .    b - +0 scale mail
rPois   .          Reflect  .    n - +0 helmet
rElec   .          Harm     .    (no cloak)
rCorr   .          Rampage  .    (no gloves)
Will    .....                    l - +0 pair of boots
Stlth   ..........               (no amulet)
HPRegen 0.26/turn                (no ring)
MPRegen 0.09/turn                (no ring)

@: glowing
A: sense surroundings 1, otherworldly, glowing, explore regen
a: no special abilities


You were on level 4 of the Dungeon.
You visited 1 branch of the dungeon, and saw 4 of its levels.

You collected 70 gold pieces.

Inventory:

Hand Weapons
 a - a +0 war axe
 o - a +2 vorpal flail (weapon)
Missiles
 h - 4 poisoned darts (quivered)
 i - 24 stones
 k - 6 boomerangs
Armour
 b - a +0 scale mail (worn)
 c - a +0 buckler (worn)
 l - a +0 pair of boots (worn)
 n - a +0 helmet (worn)
Scrolls
 g - a scroll of blinking {unknown}
 j - a scroll of teleportation {unknown}
 m - 2 scrolls of identify {unknown}
 p - a scroll of butterflies {unknown}
 q - a scroll of magic mapping {unknown}
 r - a scroll of poison {unknown}
Potions
 d - a potion of might
 e - 2 potions of ambrosia {unknown}
 f - a potion of curing {unknown}


   Skills:
 - Level 3.2 Fighting
 - Level 5.1 Axes
 * Level 1.1(3.6) Maces & Flails
 - Level 3.6 Armour
 - Level 3.6 Shields


You had 3 spell levels left.
You didn't know any spells.
Your spell library contained the following spells:

 Spells                   Type           Power      Damage    Failure   Level
 Blink                    Tloc           0%         N/A       93%         2
 Momentum Strike          Conj/Tloc      0%         3d8       93%         2
 Lesser Beckoning         Tloc           0%         N/A       99%         3


Dungeon Overview and Level Annotations

Branches:
Dungeon (4/15) Zot: 1687
 Temple: D:4-7

Altars:


Innate Abilities, Weirdness & Mutations

You passively map a small area around you.
You are easily found by Zot.
You glow in the dark.
You regain HP and MP as you explore.


Message History

You kill the orc!
Your base Maces & Flails skill increases to level 1!
No target in view!
No target in view!
Keep equipping yourself? [Y]es or [N]o only, please.
Keep equipping yourself?
You start putting on your armour.
You continue putting on your +0 helmet. x3
You block the orc's attack.
You continue putting on your +0 helmet.
The orc barely misses you.
You finish putting on your +0 helmet.
You hit the orc.
The orc is moderately wounded.
The orc throws a boomerang.
The boomerang hits you but does no damage.
The orc hits you but does no damage.
You thump the orc!
You kill the orc!
You throw a poisoned dart.
The poisoned dart closely misses the orc.
An orc priest comes into view. It is wielding a +0 mace.
The orc priest shouts!
The orc barely misses you.
You closely miss the orc priest.
The orc priest calls down the wrath of Beogh upon you.
Beogh smites you! You block the orc's attack.
An orc priest comes into view. It is wielding a +0 club.
The orc priest shouts!
You hit the orc priest.
The orc priest is moderately wounded.
The orc priest invokes the aid of Beogh against you.
Beogh smites you!
* * * LOW HITPOINT WARNING * * *
The orc misses you.
The orc priest miscasts a cantrip.
The orc misses you.
The orc priest calls down the wrath of Beogh upon you.
Beogh smites you!
You die...

, , * ~~ , , , * , ,
..###.... ,* ,
........## #..# # * ,
.........###..# * .#
.$........##.#####.#*
.............##o...# ,
...............@##### *
, ..............o.o...#
* .......<....#.......#
, #............$......#
>...................#
...........##?......#
*,
...........##.......#
*...........##.......$.
,
..........###########.


You could see 2 orc priests and an orc.

Vanquished Creatures
  3 gnolls (D:3)
  2 adders
  2 orcs (D:4)
  2 endoplasms
  A giant cockroach (D:1)
  2 goblins (D:3)
  2 hobgoblins
  A quokka (D:3)
  2 ball pythons (D:1)
  A bat (D:1)
  A frilled lizard (D:3)
  A kobold (D:2)
  2 rats (D:3)
22 creatures vanquished.

Notes
Turn   | Place    | Note
-------+----------+-------------------------------------------
     0 | D:1      | lunkers the Meteoran Fighter began the quest for the Orb.
     0 | D:1      | Reached XP level 1. HP: 19/19 MP: 2/2
   265 | D:1      | Reached skill level 3 in Axes
   265 | D:1      | Reached XP level 2. HP: 21/26 MP: 3/3
   441 | D:2      | Reached XP level 3. HP: 31/31 MP: 4/4
   455 | D:3      | Reached skill level 4 in Axes
   525 | D:3      | Reached XP level 4. HP: 13/38 MP: 5/5
   528 | D:3      | Reached skill level 5 in Axes
   670 | D:4      | Reached skill level 1 in Maces & Flails
   681 | D:4      | Killed from afar by an orc priest

Illustrated notes

Levels and vault maps discovered:
D:1:      reono_arrival_forest_river, layout_basic,
          shapermc_ecumenical_altar_mp_vishouse
D:2:      layout_rooms
D:3:      layout_basic, minmay_misc_feat_hallway
D:4:      layout_rooms, kennysheep_little_box, gup_sewer_entry_glass,
          minmay_box_of_dots

Skill      XL: |  1  2  3  4 |
---------------+-------------+-----
Axes           | 3 4 5 |  5.1
Maces & Flails | 1 |  1.1
Fighting       | |  3.2
Armour         | |  3.6
Shields        | |  3.6

Action                   |  1- 3 |  4- 6 || total
-------------------------+-------+-------++-------
Melee: War axe           |    62 |     3 ||    65
       Flail             |       |    11 ||    11
Throw: Dart              |     8 |     2 ||    10
  Use: Potion            |     1 |       ||     1
Armor: Scale mail        |    37 |     6 ||    43
Dodge: Dodged            |    20 |     4 ||    24
Block: Buckler           |    20 |     3 ||    23

Table legend: (Time is in decaauts)
 A = Elapsed time spent in this place.
 B = Non-inter-level travel time spent in this place.
 C = Inter-level travel time spent in this place.
 D = Time resting spent in this place.
 E = Time spent auto-exploring this place.
 F = Levels seen in this place.
 G = Mean time per level.
                   A        B        C        D        E       F      G
               +--------+--------+--------+--------+--------+-----+--------+
         Total |    711 |    650 |     61 |      0 |    337 |   4 |  177.8 |
       Dungeon |    711 |    650 |     61 |      0 |    337 |   4 |  177.8 |
               +--------+--------+--------+--------+--------+-----+--------+

Top non-repeatable levels by time:
     D:1: 299 daAuts
     D:3: 234 daAuts
     D:2: 156 daAuts
     D:4: 20 daAuts
